[ PARTIDA AOE2 · #495363771 ]
UnrankedGodos vs Mongols
Equipo del jugador · VICT
Equipo rival · DERR
[ ANÁLISIS DE REPETICIÓN · EXTRAÍDO DE LA PARTIDA GRABADA ]
Feudal
11:31
Castillos
18:09
Imperial
39:11
| APM promedio | 71.8 |
| APM pico | 133 |
| eAPM promedio | 36.3 |
| Aldeanos / militares | 203 / 190 |
Foco
⚔️ 24.7% · 🌾 75.3%
Huskarl ×99 · Militia ×50 · Archer ×25 · Spearman ×11 · Trebuchet (Packed) ×4 · Mangonel ×1
Feudal
9:03
Castillos
21:49
Imperial
36:18
| APM promedio | 81.1 |
| APM pico | 124 |
| eAPM promedio | 30.5 |
| Aldeanos / militares | 90 / 97 |
Foco
⚔️ 60.0% · 🌾 40.0%
Militia ×40 · Mangudai ×24 · Scout Cavalry ×12 · Trebuchet (Packed) ×9 · Knight ×6 · Mangonel ×3
Mapa de la partida
Recursos iniciales + cada clic de construcción. Líneas = muros · curvas = relieve. ◆ oro · ⬟ piedra · ● bayas · ✦ reliquia · ◌ hueco del cierre
Tu base· Abierta — hueco de 2t
Base de HaZ | aoe2scout.com· Abierta — hueco de 3t
Terreno inicial suavizado · ◌ = hueco del cierre detectado · pasá el cursor para detalles
Inputs por minuto
— Mongolsbiene - - HaZ | aoe2scout.com
Build order — Mongolsbiene
Primeras 150 de 627 acciones detectadas
| 0:01 | Crear | Villager (Male) |
| 0:01 | Crear | Villager (Male) |
| 0:01 | Crear | Villager (Male) |
| 0:02 | Construir | House |
| 0:03 | Construir | House |
| 0:06 | Crear | Villager (Male) |
| 1:24 | Construir | Lumber Camp |
| 1:38 | Crear | Villager (Male) |
| 2:04 | Crear | Villager (Male) |
| 2:31 | Crear | Villager (Male) |
| 2:32 | Crear | Villager (Male) |
| 2:50 | Crear | Villager (Male) |
| 3:19 | Crear | Villager (Male) |
| 3:37 | Crear | Villager (Male) |
| 3:58 | Construir | House |
| 4:07 | Crear | Villager (Male) |
| 4:11 | Crear | Villager (Male) |
| 4:30 | Construir | Barracks |
| 5:11 | Crear | Villager (Male) |
| 5:17 | Construir | House |
| 5:25 | Crear | Militia |
| 5:38 | Crear | Villager (Male) |
| 5:44 | Crear | Militia |
| 5:52 | Construir | House |
| 6:03 | Crear | Militia |
| 6:14 | Crear | Villager (Male) |
| 6:21 | Construir | Mill |
| 6:41 | Crear | Villager (Male) |
| 7:08 | Crear | Villager (Male) |
| 7:34 | Crear | Villager (Male) |
| 7:54 | Crear | Villager (Male) |
| 8:26 | Crear | Villager (Male) |
| 8:44 | Construir | Mining Camp |
| 8:54 | Crear | Villager (Male) |
| 9:21 | Investigar | Feudal Age |
| 9:57 | Crear | Villager (Male) |
| 9:59 | Investigar | Loom |
| 9:59 | Crear | Villager (Male) |
| 10:22 | Construir | House |
| 10:24 | Construir | House |
| 11:31 | Edad | Edad Feudal |
| 11:32 | Crear | Spearman |
| 11:33 | Crear | Spearman |
| 11:34 | Crear | Villager (Male) |
| 11:44 | Investigar | Double-Bit Axe |
| 11:58 | Construir | Archery Range |
| 12:00 | Crear | Spearman |
| 12:04 | Crear | Spearman |
| 12:05 | Crear | Villager (Male) |
| 12:18 | Construir | Blacksmith |
| 12:30 | Construir | House |
| 12:34 | Crear | Villager (Male) |
| 12:55 | Construir | Palisade Wall |
| 12:56 | Construir | Palisade Wall |
| 13:02 | Construir | Palisade Wall |
| 13:04 | Construir | Palisade Wall |
| 13:08 | Crear | Villager (Male) |
| 13:10 | Crear | Archer |
| 13:10 | Crear | Archer |
| 13:42 | Crear | Villager (Male) |
| 13:42 | Crear | Villager (Male) |
| 13:45 | Investigar | Fletching |
| 13:46 | Investigar | Fletching |
| 13:54 | Construir | Lumber Camp |
| 13:56 | Construir | Farm |
| 13:56 | Construir | Farm |
| 13:56 | Construir | Farm |
| 13:56 | Construir | Farm |
| 13:56 | Construir | Farm |
| 13:56 | Construir | Farm |
| 13:57 | Construir | Farm |
| 13:57 | Construir | Farm |
| 13:57 | Construir | Farm |
| 13:57 | Construir | Farm |
| 13:57 | Construir | Farm |
| 14:03 | Crear | Villager (Male) |
| 14:05 | Crear | Archer |
| 14:29 | Crear | Archer |
| 14:44 | Construir | Farm |
| 14:59 | Crear | Villager (Male) |
| 15:02 | Construir | Farm |
| 15:06 | Crear | Archer |
| 15:29 | Investigar | Castle Age |
| 15:29 | Investigar | Castle Age |
| 15:35 | Construir | Farm |
| 15:50 | Crear | Archer |
| 16:11 | Crear | Spearman |
| 16:39 | Crear | Spearman |
| 16:46 | Construir | House |
| 16:55 | Crear | Archer |
| 17:37 | Crear | Archer |
| 18:09 | Edad | Edad de los Castillos |
| 18:11 | Crear | Villager (Male) |
| 18:14 | Construir | Town Center |
| 18:21 | Crear | Archer |
| 18:28 | Crear | Villager (Male) |
| 18:33 | Construir | Town Center |
| 18:39 | Construir | Palisade Wall |
| 18:41 | Construir | House |
| 18:43 | Construir | House |
| 18:59 | Construir | Palisade Wall |
| 19:01 | Construir | House |
| 19:02 | Construir | Palisade Wall |
| 19:04 | Construir | Palisade Wall |
| 19:21 | Crear | Archer |
| 19:21 | Crear | Villager (Male) |
| 19:37 | Crear | Archer |
| 19:41 | Investigar | Bodkin Arrow |
| 19:48 | Construir | Farm |
| 19:50 | Construir | Farm |
| 19:51 | Construir | Farm |
| 19:53 | Construir | Farm |
| 19:56 | Construir | Farm |
| 19:59 | Construir | Farm |
| 20:01 | Crear | Villager (Male) |
| 20:05 | Construir | Mill |
| 20:08 | Construir | Farm |
| 20:13 | Crear | Archer |
| 20:22 | Construir | Farm |
| 20:23 | Construir | Farm |
| 20:35 | Crear | Villager (Male) |
| 20:36 | Crear | Archer |
| 20:52 | Crear | Archer |
| 20:54 | Crear | Villager (Male) |
| 20:55 | Crear | Villager (Male) |
| 21:02 | Crear | Villager (Male) |
| 21:02 | Crear | Villager (Male) |
| 21:15 | Crear | Villager (Male) |
| 21:16 | Crear | Villager (Male) |
| 21:24 | Crear | Villager (Male) |
| 21:33 | Crear | Villager (Male) |
| 21:37 | Crear | Archer |
| 21:46 | Construir | Lumber Camp |
| 21:51 | Construir | Farm |
| 21:56 | Crear | Spearman |
| 21:59 | Crear | Archer |
| 22:00 | Crear | Archer |
| 22:01 | Crear | Villager (Male) |
| 22:10 | Crear | Villager (Male) |
| 22:29 | Investigar | Crossbowman (upgrade) |
| 22:35 | Construir | House |
| 22:38 | Construir | House |
| 22:39 | Construir | House |
| 22:41 | Construir | House |
| 22:42 | Construir | House |
| 22:42 | Construir | House |
| 22:43 | Construir | House |
| 22:44 | Crear | Villager (Male) |
| 22:44 | Crear | Villager (Male) |
| 22:44 | Crear | Villager (Male) |
Build order — HaZ | aoe2scout.com
Primeras 150 de 336 acciones detectadas
| 0:00 | Crear | Villager (Male) |
| 0:07 | Construir | House |
| 0:10 | Construir | House |
| 0:11 | Crear | Villager (Male) |
| 0:17 | Crear | Villager (Male) |
| 0:37 | Crear | Villager (Male) |
| 0:37 | Crear | Villager (Male) |
| 1:34 | Crear | Villager (Male) |
| 1:35 | Crear | Villager (Male) |
| 1:58 | Construir | Lumber Camp |
| 2:13 | Crear | Villager (Male) |
| 2:13 | Crear | Villager (Male) |
| 2:41 | Crear | Villager (Male) |
| 2:44 | Crear | Villager (Male) |
| 2:54 | Crear | Villager (Male) |
| 3:24 | Crear | Villager (Male) |
| 3:39 | Crear | Villager (Male) |
| 4:12 | Construir | House |
| 4:14 | Crear | Villager (Male) |
| 4:40 | Crear | Villager (Male) |
| 4:55 | Crear | Villager (Male) |
| 4:55 | Crear | Villager (Male) |
| 5:17 | Construir | Mill |
| 6:00 | Crear | Villager (Male) |
| 6:28 | Investigar | Loom |
| 6:53 | Investigar | Feudal Age |
| 7:18 | Construir | Barracks |
| 8:04 | Construir | House |
| 8:06 | Construir | Palisade Wall |
| 8:37 | Construir | House |
| 9:03 | Edad | Edad Feudal |
| 9:06 | Construir | Stable |
| 9:09 | Crear | Villager (Male) |
| 9:16 | Crear | Militia |
| 9:24 | Crear | Villager (Male) |
| 9:28 | Investigar | Double-Bit Axe |
| 9:28 | Investigar | Double-Bit Axe |
| 9:45 | Crear | Scout Cavalry |
| 9:56 | Construir | Farm |
| 9:57 | Construir | Farm |
| 9:59 | Construir | Farm |
| 10:05 | Crear | Scout Cavalry |
| 10:30 | Crear | Villager (Male) |
| 10:32 | Crear | Villager (Male) |
| 10:44 | Crear | Scout Cavalry |
| 11:08 | Crear | Villager (Male) |
| 11:16 | Crear | Villager (Male) |
| 11:26 | Crear | Villager (Male) |
| 11:34 | Construir | House |
| 11:44 | Crear | Villager (Male) |
| 11:48 | Crear | Scout Cavalry |
| 12:00 | Construir | House |
| 12:07 | Crear | Villager (Male) |
| 12:10 | Construir | House |
| 12:18 | Crear | Villager (Male) |
| 12:21 | Construir | Farm |
| 12:29 | Crear | Villager (Male) |
| 12:35 | Construir | Farm |
| 12:56 | Crear | Villager (Male) |
| 13:01 | Construir | Farm |
| 13:14 | Crear | Villager (Male) |
| 13:17 | Construir | Farm |
| 13:18 | Construir | Farm |
| 13:44 | Crear | Villager (Male) |
| 13:46 | Construir | Farm |
| 13:49 | Construir | Farm |
| 13:52 | Crear | Villager (Male) |
| 13:55 | Construir | Blacksmith |
| 14:12 | Construir | Mining Camp |
| 14:18 | Crear | Villager (Male) |
| 14:30 | Construir | Farm |
| 14:38 | Crear | Villager (Male) |
| 14:43 | Crear | Villager (Male) |
| 14:51 | Investigar | Scale Barding Armor |
| 14:51 | Investigar | Scale Barding Armor |
| 14:52 | Investigar | Forging |
| 14:53 | Crear | Scout Cavalry |
| 15:00 | Construir | Farm |
| 15:03 | Construir | Farm |
| 15:04 | Construir | Farm |
| 15:08 | Construir | Farm |
| 15:11 | Construir | Farm |
| 15:20 | Crear | Villager (Male) |
| 15:29 | Crear | Scout Cavalry |
| 15:55 | Crear | Villager (Male) |
| 16:25 | Crear | Villager (Male) |
| 16:27 | Crear | Villager (Male) |
| 16:37 | Crear | Villager (Male) |
| 16:40 | Crear | Scout Cavalry |
| 16:43 | Construir | House |
| 16:52 | Investigar | Bloodlines |
| 16:52 | Investigar | Bloodlines |
| 17:24 | Crear | Villager (Male) |
| 18:12 | Crear | Villager (Male) |
| 18:15 | Construir | Farm |
| 19:09 | Investigar | Castle Age |
| 19:09 | Investigar | Castle Age |
| 19:25 | Crear | Villager (Male) |
| 19:31 | Construir | Mining Camp |
| 19:51 | Investigar | Stone Mining |
| 20:00 | Construir | Archery Range |
| 21:04 | Construir | House |
| 21:12 | Crear | Skirmisher |
| 21:13 | Crear | Skirmisher |
| 21:49 | Edad | Edad de los Castillos |
| 21:49 | Investigar | Light Cavalry (upgrade) |
| 21:52 | Construir | Siege Workshop |
| 21:57 | Crear | Villager (Male) |
| 21:59 | Investigar | Bow Saw |
| 21:59 | Investigar | Bow Saw |
| 22:16 | Crear | Villager (Male) |
| 22:46 | Crear | Villager (Male) |
| 22:51 | Construir | Town Center |
| 23:08 | Crear | Villager (Male) |
| 23:28 | Crear | Villager (Male) |
| 23:28 | Crear | Villager (Male) |
| 24:10 | Construir | Outpost |
| 24:10 | Investigar | Town Watch |
| 24:22 | Construir | Farm |
| 24:23 | Crear | Villager (Male) |
| 24:25 | Crear | Villager (Male) |
| 24:26 | Crear | Villager (Male) |
| 24:26 | Crear | Villager (Male) |
| 24:38 | Construir | Outpost |
| 24:42 | Crear | Villager (Male) |
| 24:44 | Crear | Villager (Male) |
| 24:57 | Construir | Castle |
| 25:12 | Crear | Scout Cavalry |
| 25:37 | Crear | Villager (Male) |
| 26:00 | Construir | Siege Workshop |
| 26:10 | Construir | Market |
| 26:18 | Crear | Scout Cavalry |
| 26:32 | Construir | Town Center |
| 26:41 | Construir | Town Center |
| 27:04 | Construir | Town Center |
| 27:19 | Crear | Villager (Male) |
| 27:43 | Investigar | Gold Mining |
| 27:43 | Investigar | Gold Mining |
| 27:49 | Crear | Villager (Male) |
| 27:50 | Crear | Villager (Male) |
| 27:50 | Crear | Villager (Male) |
| 27:51 | Crear | Villager (Male) |
| 27:51 | Crear | Villager (Male) |
| 28:28 | Construir | Mining Camp |
| 28:39 | Construir | Outpost |
| 28:41 | Crear | Villager (Male) |
| 28:41 | Crear | Villager (Male) |
| 28:50 | Construir | Mining Camp |
| 28:56 | Construir | Farm |
| 29:04 | Crear | Villager (Male) |
Cronología de la partida
| 4:30 | Mongolsbiene · first_building Barracks |
| 7:18 | HaZ | aoe2scout.com · first_building Barracks |
| 8:06 | HaZ | aoe2scout.com · wall_segment Palisade Wall x1 |
| 9:03 | HaZ | aoe2scout.com · age_up feudal |
| 9:06 | HaZ | aoe2scout.com · first_building Stable |
| 11:31 | Mongolsbiene · age_up feudal |
| 11:58 | Mongolsbiene · first_building Archery Range |
| 12:55 | Mongolsbiene · wall_segment Palisade Wall x1 |
| 12:56 | Mongolsbiene · wall_segment Palisade Wall x1 |
| 13:02 | Mongolsbiene · wall_segment Palisade Wall x1 |
| 13:04 | Mongolsbiene · wall_segment Palisade Wall x1 |
| 18:09 | Mongolsbiene · age_up castle |
| 18:39 | Mongolsbiene · wall_segment Palisade Wall x1 |
| 18:59 | Mongolsbiene · wall_segment Palisade Wall x1 |
| 19:02 | Mongolsbiene · wall_segment Palisade Wall x1 |
| 19:04 | Mongolsbiene · wall_segment Palisade Wall x1 |
| 20:00 | HaZ | aoe2scout.com · first_building Archery Range |
| 21:49 | HaZ | aoe2scout.com · age_up castle |
| 21:52 | HaZ | aoe2scout.com · first_building Siege Workshop |
| 24:57 | HaZ | aoe2scout.com · first_building Castle |
| 27:00 | HaZ | aoe2scout.com · first_market_sell 100 wood |
| 27:01 | HaZ | aoe2scout.com · first_market_buy 100 stone |
| 27:06 | Mongolsbiene · first_market_buy 100 stone |
| 30:37 | Mongolsbiene · first_building Siege Workshop |
| 32:05 | Mongolsbiene · first_building Castle |
| 33:07 | Mongolsbiene · first_market_sell 500 wood |
| 35:05 | HaZ | aoe2scout.com · wall_segment Stone Wall x1 |
| 35:08 | HaZ | aoe2scout.com · wall_segment Stone Wall x5 |
| 35:13 | HaZ | aoe2scout.com · wall_segment Stone Wall x4 |
| 35:19 | HaZ | aoe2scout.com · wall_segment Stone Wall x4 |
| 36:18 | HaZ | aoe2scout.com · age_up imperial |
| 39:11 | Mongolsbiene · age_up imperial |
| 53:22 | HaZ | aoe2scout.com · resign |
[ ANÁLISIS IA · 1 CRÉDITO ]
¿Qué pasó realmente en esta partida?
Wolo.gg analiza cada decisión: build order, eco, micro, errores típicos por bracket. Análisis personalizado por WhatsApp o Discord en 30 segundos.
Guía civ
Godos
Perfil
Mongolsbiene